 Dungeon Sprint DCSS version 0.17-a0-1262-gd250d98 (webtiles) character file.

8840 Kidiri the Unseen (level 11, 0/66 HPs)
             Began as a Spriggan Assassin on June 6, 2015.
             Was the Champion of Jiyva.
             Slain by a soul eater (illusionary) (16 damage)
             ... in the Dungeon (Sprint VII: "The Pits").
             The game lasted 00:14:07 (2113 turns).

Kidiri the Unseen (Spriggan Assassin)               Turns: 2113, Time: 00:14:07

Health: 0/66       AC:  3    Str:  6    XL:     11   Next: 15%
Magic:  10/10      EV: 40    Int:  9    God:    Jiyva [******]
Gold:   21         SH:  7    Dex: 26    Spells: 0 memorised, 10 levels left

rFire  . . .     SeeInvis +     t - +2 dagger (elec)
rCold  . . .     Clarity  .     c - +0 robe
rNeg   . . .     SustAt   .     E - +0 buckler {reflect}
rPois  .         Gourm    .     (helmet restricted)
rElec  .         Spirit   .     d - +0 cloak
rCorr  +         Warding  .     (gloves unavailable)
rMut   .         NoTele   +     (boots unavailable)
MR     +....                    (no amulet)
Stlth  +++++++++.               (no ring)
                                (no ring)

@: drained, very quick, somewhat resistant to hostile enchantments, incredibly
stealthy
A: unfitting armour, repulsion field 2, see invisible, herbivore 3, speed 3, low
mp 1, sense surroundings 1, robust 1, slow metabolism 2, acidic bite, eyeballs
1, translucent skin 1
a: Request Jelly, Jelly Paralyse, Slimify, Cure Bad Mutation, Renounce Religion


You were in the Dungeon.
You worshipped Jiyva.
Jiyva was exalted by your worship.
You were completely stuffed.

You visited 1 branch You collected 21 gold pieces.

Inventory:

Hand weapons
 a - a +2 dagger
 b - a +0 blowgun
 n - a +2 dagger
 t - a +2 dagger of electrocution (weapon)
 y - a +2 rapier of venom
Missiles
 e - 8 poisoned needles
 f - 2 curare-tipped needles
Armour
 c - a +0 robe (worn)
 d - a +0 cloak (worn)
 E - a +0 buckler of reflection (worn)
Jewellery
 u - a +3 ring of strength
 v - a +3 ring of strength
 A - an uncursed ring of positive energy
 D - an uncursed ring of positive energy
Scrolls
 m - 3 scrolls of blinking
 q - 3 scrolls of remove curse
 r - 5 scrolls of amnesia
 s - a scroll of summoning
 z - 2 scrolls of fear
 B - 2 scrolls of fog
 C - 3 scrolls of recharging
Potions
 h - 7 potions of curing
 i - 6 potions of heal wounds
 j - 5 potions of haste
 k - 4 potions of magic
 l - 4 potions of berserk rage
 p - 2 potions of invisibility
 w - 3 potions of cure mutation
 x - 2 potions of agility
Comestibles
 g - 8 bread rations
 o - 40 fruits


   Skills:
 + Level 8.4(7.7) Fighting
 * Level 14.6(13.7) Short Blades
 + Level 10.9(10.1) Throwing
 + Level 0.9(0.3) Armour
 * Level 18.1(17.2) Dodging
 * Level 20.2(19.2) Stealth
 + Level 1.0(0.4) Shields


You had 10 spell levels left.
You didn't know any spells.

Dungeon Overview and Level Annotations

Branches:
Dungeon (1/1)

Altars:
Ashenzari
Cheibriados
Dithmenos
Elyvilon
Fedhas
Gozag
Kikubaaqudgha
Makhleb
Nemelex Xobeh
Okawaru
Qazlal
Ru
Sif Muna
Trog
Vehumet
Xom
Yredelemnul
Zin
The Shining One
Beogh
Jiyva
Lugonu


Innate Abilities, Weirdness & Mutations

You are tiny and cannot use many weapons and most armour.
You have supernaturally acute eyesight.
You are a herbivore.
You cover ground extremely quickly.
You need consume almost no food.
You are surrounded by a moderate repulsion field (EV +3).
Your magical capacity is low (-10% MP).
You passively map a small area around you.
You are robust (+10% HP).
You have acidic saliva.
Your body is partially covered in golden eyeballs (Acc +3).
Your skin is partially translucent (Stealth, -foe acc).


Message History

Your bite misses the soul eater.
The soul eater is heavily wounded.
You block the rakshasa's attack.
You hit the soul eater but do no damage.
There is a sudden explosion of sparks!
You bite the soul eater, but do no damage.
The soul eater is heavily wounded.
The soul eater completely misses you. The rakshasa completely misses you.
You hit the soul eater.
You bite the soul eater, but do no damage.
The soul eater is heavily wounded.
The rakshasa closely misses you.
You hit the soul eater but do no damage.
The soul eater is heavily wounded.
You block the soul eater's attack.
You hit the soul eater.
The soul eater is severely wounded.
The rakshasa gestures.
The rakshasa blinks!
The soul eater hits you!
You die...

, , * , , , , ,, , ,** #### * ,
* , ## #s#.#, , , , #Y#n#d# * *
##:#s# * *, + #,,#t#O# , , , #.
##3#.# * #..#@##############,
#############.ยง................
#__________##..................
#__________###########''#######
#.#####'##############''######
#_#)))'.'%.##................#
#_#)).#.#?(##......#..#......#
#######'#####................+ ,
#...........)................+


You could see a green draconian, a soul eater, an ogre mage and a giant
cockroach.

Vanquished Creatures
  A vault guard (D)
  An ogre mage (D)
  A shadow wraith (D)
  A swamp dragon (D)
  2 cyclopes (D)
  2 elephants (D)
  A spiny frog (D)
  A molten gargoyle (D)
  A smoke demon (D)
  A komodo dragon (D)
  A troll (D)
  A spriggan (D)
  A redback (D)
  A fire elemental (D)
  2 wolves (D)
  A steam dragon (D)
  A hippogriff (D)
  A warg (D)
  A mottled dragon (D)
  A large abomination (D)
  2 ice beasts (D)
  A porcupine (D)
  A phantom (D)
  A sky beast (D)
  A wasp (D)
  A crocodile (D)
  A centaur (D)
  2 brain worms (D)
  An earth elemental (D)
  3 killer bees (D)
  4 wights (D)
  An orc priest (D)
  An orc wizard (D)
  A worker ant (D)
  7 sheep (D)
  5 orcs (D)
  A hobgoblin (D)
  4 jackals (D)
  A ball python (D)
  A ball python zombie (D)
  A giant cockroach (D)
  A giant gecko skeleton (D)
  A quokka (D)
  A rat (D)
67 creatures vanquished.

Vanquished Creatures (collateral kills)
  A smoke demon (D)
  A ynoxinul (D)
  A trapdoor spider (D)
  A shadow (D)
  3 wolves (D)
  A big kobold (D)
  3 wights (D)
  An orc priest (D)
  A hell rat (D)
  A worker ant (D)
  An adder zombie (D)
  A ball python (D)
  A bat (D)
17 creatures vanquished.

Vanquished Creatures (others)
  A great orb of eyes (D)
  A wolf (D)
  A wasp (D)
  An ogre (D)
  A wight (D)
  20 jellies (D)
  2 orc priests (D)
  An orc wizard (D)
  3 sheep (D)
  A giant eyeball (D)
  An orc (D)
  3 jackals (D)
36 creatures vanquished.

Grand Total: 120 creatures vanquished

Notes
Turn   | Place    | Note
--------------------------------------------------------------
     0 | D        | Kidiri the Spriggan Assassin began the quest for the Orb.
     0 | D        | Reached XP level 1. HP: 10/10 MP: 2/2
    13 | D        | Reached skill level 6 in Stealth
    46 | D        | Found a sacrificial altar of Ru.
    46 | D        | Found a basalt altar of Yredelemnul.
    46 | D        | Found a shadowy altar of Dithmenos.
    46 | D        | Found a deep blue altar of Sif Muna.
    46 | D        | Found a burning altar of Makhleb.
    46 | D        | Found a shimmering altar of Xom.
    46 | D        | Found an ancient bone altar of Kikubaaqudgha.
    46 | D        | Found a sparkling altar of Nemelex Xobeh.
    47 | D        | Found a glowing golden altar of the Shining One.
    47 | D        | Found a bloodstained altar of Trog.
    47 | D        | Found a shattered altar of Ashenzari.
    47 | D        | Found a white marble altar of Elyvilon.
    47 | D        | Found a snail-covered altar of Cheibriados.
    47 | D        | Found a blossoming altar of Fedhas.
    47 | D        | Found a radiant altar of Vehumet.
    47 | D        | Found a glowing silver altar of Zin.
    47 | D        | Found a corrupted altar of Lugonu.
    47 | D        | Found a viscous altar of Jiyva.
    47 | D        | Found a roughly hewn altar of Beogh.
    47 | D        | Found an iron altar of Okawaru.
    53 | D        | Found a stormy altar of Qazlal.
    54 | D        | Found an opulent altar of Gozag.
    58 | D        | Became a worshipper of Jiyva Jugaa the Shapeless
    71 | D        | Acquired Jiyva's first power
    71 | D        | Acquired Jiyva's second power
    75 | D        | Gained mutation: You have sharp toenails. [Jiyva's grace]
    75 | D        | Acquired Jiyva's third power
    86 | D        | Gained mutation: Your muscles are strong. (Str +2) [Jiyva's grace]
    86 | D        | Acquired Jiyva's fourth power
    91 | D        | Gained mutation: You have a pair of small antennae on your head. [Jiyva's grace]
    93 | D        | Lost mutation: You have a pair of small antennae on your head. [Jiyva's grace]
    93 | D        | Gained mutation: You are partially covered in molten scales (AC +1). [Jiyva's grace]
   107 | D        | Reached XP level 2. HP: 15/15 MP: 3/3
   110 | D        | Gained mutation: You have a small jelly attached to you that senses nearby items. [Jiyva's grace]
   110 | D        | Lost mutation: You have a small jelly attached to you that senses nearby items. [Jiyva's grace]
   113 | D        | Gained mutation: Your muscles are very strong. (Str +4) [Jiyva's grace]
   113 | D        | Lost mutation: You have sharp toenails. [Jiyva's grace]
   122 | D        | Noticed a wight
   130 | D        | Killed a wight
   130 | D        | Reached skill level 7 in Stealth
   130 | D        | Reached XP level 3. HP: 11/19 MP: 4/4
   131 | D        | Noticed a wight
   131 | D        | Noticed a wight
   131 | D        | Noticed a worker ant
   132 | D        | Noticed a wight
   133 | D        | Killed a wight
   133 | D        | Reached skill level 5 in Dodging
   133 | D        | Reached skill level 8 in Stealth
   133 | D        | Reached XP level 4. HP: 13/23 MP: 5/5
   136 | D        | Killed a wight
   136 | D        | Reached skill level 5 in Short Blades
   136 | D        | Reached skill level 9 in Stealth
   139 | D        | Killed a wight
   141 | D        | Killed a worker ant
   348 | D        | Lost mutation: Your muscles are very strong. (Str +4) [Jiyva's grace]
   359 | D        | Gained mutation: Your muscles are very strong. (Str +4) [Jiyva's grace]
   361 | D        | Gained mutation: You are surrounded by a mild repulsion field (EV +2). [Jiyva's grace]
   362 | D        | Gained mutation: You can spit weak poison. [Jiyva's grace]
   366 | D        | Gained mutation: You evolve. [Jiyva's grace]
   377 | D        | Noticed an orc wizard
   380 | D        | Noticed an orc priest
   381 | D        | Noticed a phantom
   382 | D        | Noticed a big kobold
   399 | D        | Noticed an orc priest
   404 | D        | Killed an orc priest
   404 | D        | Reached skill level 10 in Stealth
   404 | D        | Reached XP level 5. HP: 7/28 MP: 6/6
   406 | D        | Killed an orc wizard
   408 | D        | Killed a big kobold
   409 | D        | Reached skill level 5 in Throwing
   410 | D        | Killed an orc priest
   440 | D        | Noticed an orc priest
   464 | D        | Killed an orc priest
   464 | D        | Reached skill level 11 in Stealth
   473 | D        | Killed a phantom
   473 | D        | Reached XP level 6. HP: 19/33 MP: 7/7
   528 | D        | Gained mutation: You have a pair of small horns on your head. [Jiyva's grace]
   539 | D        | Gained mutation: You have acidic saliva. [Jiyva's grace]
   539 | D        | Lost mutation: You have a pair of small horns on your head. [Jiyva's grace]
   539 | D        | Gained mutation: You have a pair of small horns on your head. [Jiyva's grace]
   540 | D        | Noticed a porcupine
   541 | D        | Gained mutation: Your flesh is cold resistant. [Jiyva's grace]
   542 | D        | Killed a porcupine
   542 | D        | Reached skill level 10 in Dodging
   542 | D        | Reached skill level 12 in Stealth
   543 | D        | Gained mutation: You have a small jelly attached to you that senses nearby items. [Jiyva's grace]
   652 | D        | Noticed an elephant
   654 | D        | Killed an elephant
   654 | D        | Reached skill level 5 in Fighting
   654 | D        | Reached skill level 13 in Stealth
   654 | D        | Reached XP level 7. HP: 37/39 MP: 8/8
   656 | D        | Noticed a wolf
   656 | D        | Noticed a brain worm
   656 | D        | Noticed an ice beast
   666 | D        | Killed an ice beast
   679 | D        | Killed a wolf
   679 | D        | Reached skill level 14 in Stealth
   679 | D        | Reached XP level 8. HP: 36/44 MP: 9/9
   682 | D        | Killed a brain worm
   793 | D        | Noticed an ice beast
   793 | D        | Noticed a spriggan
   799 | D        | Killed a spriggan
   799 | D        | Reached skill level 10 in Short Blades
   806 | D        | Killed an ice beast
   813 | D        | Noticed a trapdoor spider
   817 | D        | Killed a trapdoor spider
   817 | D        | Reached skill level 15 in Stealth
   828 | D        | Lost mutation: You have a pair of small horns on your head. [Jiyva's grace]
   828 | D        | Lost mutation: You can spit weak poison. [Jiyva's grace]
   830 | D        | Lost mutation: You are partially covered in molten scales (AC +1). [Jiyva's grace]
   831 | D        | Gained mutation: Your skin is partially translucent (Stealth, -foe acc). [Jiyva's grace]
   840 | D        | Gained mutation: You have large cloven feet. [Jiyva's grace]
   842 | D        | Lost mutation: You evolve. [Jiyva's grace]
   846 | D        | Gained mutation: You have a small jelly attached to you that may absorb incoming projectiles. [Jiyva's grace]
   848 | D        | Lost mutation: Your muscles are very strong. (Str +4) [Jiyva's grace]
   856 | D        | Lost mutation: You have a small jelly attached to you that senses nearby items. [Jiyva's grace]
   859 | D        | Lost mutation: You have a small jelly attached to you that may absorb incoming projectiles. [Jiyva's grace]
   920 | D        | Noticed a centaur
   920 | D        | Noticed a wight
   920 | D        | Noticed a wight
   920 | D        | Noticed a wight
   920 | D        | Noticed a wight
   920 | D        | Noticed a cyclops
   923 | D        | Killed a wight
   933 | D        | Killed a wight
   937 | D        | Killed a wight
   940 | D        | Killed a centaur
   947 | D        | Killed a wight
   958 | D        | Killed a cyclops
   958 | D        | Reached skill level 16 in Stealth
   958 | D        | Reached XP level 9. HP: 40/49 MP: 10/10
   966 | D        | Gained mutation: Your body is partially covered in golden eyeballs (Acc +3). [Jiyva's grace]
   969 | D        | Lost mutation: Your flesh is cold resistant. [Jiyva's grace]
   976 | D        | Noticed a worker ant
   976 | D        | Noticed a wolf
   976 | D        | Noticed a wolf
   976 | D        | Noticed a wolf
   977 | D        | Noticed a sky beast
   977 | D        | Noticed a smoke demon
   977 | D        | Noticed a shadow
   977 | D        | Noticed a wolf
   979 | D        | Gained mutation: Your spells are a little harder to cast, but a little more powerful. [Jiyva's grace]
   981 | D        | Killed a wolf
   983 | D        | Killed a shadow
   986 | D        | Killed a wolf
   990 | D        | Killed a smoke demon
   991 | D        | Killed a wolf
   993 | D        | Killed a wolf
   996 | D        | Killed a sky beast
  1003 | D        | Killed a worker ant
  1019 | D        | Gained mutation: You are surrounded by a moderate repulsion field (EV +3). [Jiyva's grace]
  1019 | D        | Lost mutation: You have large cloven feet. [Jiyva's grace]
  1020 | D        | Noticed a troll
  1020 | D        | Noticed a killer bee
  1020 | D        | Noticed a killer bee
  1021 | D        | Noticed a killer bee
  1021 | D        | Noticed a komodo dragon
  1021 | D        | Noticed a smoke demon
  1023 | D        | Killed a smoke demon
  1023 | D        | Reached skill level 15 in Dodging
  1023 | D        | Reached skill level 17 in Stealth
  1024 | D        | Killed a komodo dragon
  1025 | D        | Killed a killer bee
  1025 | D        | Gained mutation: You can spit weak poison. [Jiyva's grace]
  1025 | D        | Gained mutation: Your skin is mostly translucent (Stealth, -foe acc). [Jiyva's grace]
  1041 | D        | Killed a killer bee
  1054 | D        | Killed a troll
  1061 | D        | Killed a killer bee
  1076 | D        | Gained mutation: You passively map a small area around you. [Jiyva's grace]
  1078 | D        | Noticed a crocodile
  1078 | D        | Noticed a spiny frog
  1078 | D        | Noticed a shadow wraith
  1081 | D        | Killed a shadow wraith
  1081 | D        | Reached skill level 18 in Stealth
  1081 | D        | Reached XP level 10. HP: 16/55 MP: 11/11
  1083 | D        | Killed a spiny frog
  1084 | D        | Killed a crocodile
  1130 | D        | Noticed an elephant
  1130 | D        | Noticed a cyclops
  1141 | D        | Killed a cyclops
  1149 | D        | Killed an elephant
  1150 | D        | Killed a wolf
  1190 | D        | Noticed an earth elemental
  1190 | D        | Noticed a wasp
  1247 | D        | Killed an earth elemental
  1254 | D        | Noticed a steam dragon
  1255 | D        | Noticed a vault guard
  1255 | D        | Noticed a swamp dragon
  1272 | D        | Killed a swamp dragon
  1272 | D        | Reached skill level 10 in Throwing
  1272 | D        | Reached skill level 19 in Stealth
  1278 | D        | Killed a wasp
  1295 | D        | Killed a vault guard
  1300 | D        | Killed a steam dragon
  1311 | D        | Gained mutation: You can spit poison. [Jiyva's grace]
  1312 | D        | Gained mutation: You are agile. (Dex +2) [Jiyva's grace]
  1348 | D        | Killed an orc priest
  1349 | D        | Lost mutation: You are agile. (Dex +2) [Jiyva's grace]
  1349 | D        | Lost mutation: You can spit poison. [Jiyva's grace]
  1369 | D        | Noticed a mottled dragon
  1370 | D        | Killed a mottled dragon
  1373 | D        | Noticed a redback
  1374 | D        | Noticed a molten gargoyle
  1374 | D        | Noticed a wasp
  1374 | D        | Noticed a ynoxinul
  1375 | D        | Noticed a warg
  1375 | D        | Noticed a hippogriff
  1375 | D        | Noticed a fire elemental
  1375 | D        | Noticed a brain worm
  1375 | D        | Noticed a hell rat
  1376 | D        | Noticed an orc wizard
  1378 | D        | Killed a brain worm
  1390 | D        | Killed a wasp
  1401 | D        | Killed a redback
  1650 | D        | Killed a molten gargoyle
  1704 | D        | Killed a fire elemental
  1723 | D        | Killed a hippogriff
  1801 | D        | Reached XP level 11. HP: 60/60 MP: 12/12
  1817 | D        | Killed a warg
  1824 | D        | Killed a hell rat
  1833 | D        | Gained mutation: Your mind is acute. (Int +2) [Jiyva's grace]
  1833 | D        | Lost mutation: You can spit weak poison. [Jiyva's grace]
  1835 | D        | Killed a ynoxinul
  1858 | D        | Killed an orc wizard
  1863 | D        | Gained mutation: Your magical capacity is low (-10% MP). [Jiyva's grace]
  1863 | D        | Gained mutation: You are robust (+10% HP). [Jiyva's grace]
  1910 | D        | Lost mutation: Your spells are a little harder to cast, but a little more powerful. [Jiyva's grace]
  1917 | D        | Lost mutation: You have acidic saliva. [Jiyva's grace]
  1967 | D        | Lost mutation: Your muscles are strong. (Str +2) [Jiyva's grace]
  2000 | D        | Gained mutation: You have acidic saliva. [Jiyva's grace]
  2013 | D        | Lost mutation: Your skin is mostly translucent (Stealth, -foe acc). [Jiyva's grace]
  2013 | D        | Lost mutation: Your mind is acute. (Int +2) [Jiyva's grace]
  2021 | D        | Noticed a wasp
  2021 | D        | Noticed a large abomination
  2023 | D        | Reached skill level 20 in Stealth
  2025 | D        | Noticed a great orb of eyes
  2030 | D        | Noticed a soul eater
  2033 | D        | Noticed a bog body
  2033 | D        | Noticed a fire crab
  2033 | D        | Noticed an ogre
  2039 | D        | Killed an ogre
  2049 | D        | Killed a great orb of eyes
  2051 | D        | Noticed a rakshasa
  2058 | D        | Killed a large abomination
  2059 | D        | Noticed an ogre mage
  2072 | D        | Killed an ogre mage
  2072 | D        | Reached skill level 1 in Shields
  2073 | D        | Noticed an ogre
  2088 | D        | Noticed an ogre mage
  2108 | D        | Noticed a green draconian
  2113 | D        | Slain by a soul eater (illusionary)

Vault maps used:
D:        pitsprint

Action                   |  1- 3 |  4- 6 |  7- 9 | 10-12 || total
-------------------------+-------+-------+-------+-------++-------
Melee: Dagger            |    32 |    44 |   102 |   269 ||   447
Invok: Request Jelly     |       |       |       |     1 ||     1
 Abil: Spit Poison       |       |       |       |     2 ||     2
  Use: Potion            |       |     1 |       |     4 ||     5
 Stab: Sleeping          |     3 |     2 |     6 |     4 ||    15
       Distracted        |       |     1 |       |     4 ||     5
       Confused          |       |       |     1 |     2 ||     3
